Cogmind - Beta 14 @@@ ROGUE MODE // 2024.08.12 @ 03:11:49 Player: Chaussettes Result: Destroyed by G-47 Trooper with Particle Gun Performance ------------- Evolutions (0) 0 Regions Visited (2) 400 Robots Destroyed (17) 85 Value Destroyed (413) 413 Prototype IDs (3) 60 Alien Tech Used (0) 0 Bonus (0) 0 TOTAL SCORE: 958 Bonus ------- None Cogmind --------- Core Integrity 0/250 Matter 171/300 Energy 125/125 System Corruption 1% Temperature Cool (27) Movement Treading (160) Location -10/Mines Parts ------- > --- POWER (1) -------- Light Ion Engine > --- PROPULSION (2) --- Light Treads > --- UTILITY (2) ------ Small Storage Unit Terrain Scanner > --- WEAPON (2) ------- Light Assault Rifle Light Assault Rifle > --- INVENTORY (8) ---- Ion Engine Large Matter Pod (0) Structural Scanner Terrain Scan Processor Seismic Detector Weapon Shielding Peak State ------------ > --- POWER ------------ Light Ion Engine > --- PROPULSION ------- Light Treads Light Treads > --- UTILITY ---------- Small Storage Unit Visual Processing Unit > --- WEAPON ----------- Assault Rifle Assault Rifle > --- INVENTORY -------- Light Ion Engine Light Assault Rifle [Rating: 8] Favorites ----------- Power Ion Engine Engine Ion Engine Propulsion Light Treads Treads Light Treads Utility Small Storage Unit Device Terrain Scanner Storage Small Storage Unit Processor Visual Processing Unit Weapon Assault Rifle Ballistic Gun Assault Rifle Build | -11 -10 -10 ------- Run | Yrd Mat Min Slots Evolved . | . . . Power . | . . . Propulsion . | . . . Utility . | . . . Weapon . | . . . Parts Attached 13 | 6 6 1 Power 4 | 1 3 . Engine 4 | 1 3 . Core . | . . . Reactor . | . . . Propulsion 2 | 2 . . Treads 2 | 2 . . Leg . | . . . Wheel . | . . . Hover . | . . . Flight . | . . . Utility 3 | 1 2 . Device 1 | . 1 . Storage 1 | 1 . . Processor 1 | . 1 . Hackware . | . . . Protection . | . . . Artifact . | . . . Weapon 4 | 2 1 1 Energy Gun . | . . . Energy Cannon . | . . . Ballistic Gun 4 | 2 1 1 Ballistic Cannon . | . . . Launcher . | . . . Special Weapon . | . . . Impact Weapon . | . . . Slashing Weapon . | . . . Piercing Weapon . | . . . Special Melee Weapon . | . . . Unidentified Prototypes . | . . . Parts Lost 4 | . 2 2 Power 1 | . 1 . Propulsion 1 | . . 1 Utility . | . . . Weapon 2 | . 1 1 Highest Loss Streak 2 | . 2 2 To Critical Strikes . | . . . Average Slot Usage (%) 99 | . 99 97 Engine 14 | . 14 14 Treads 27 | . 28 25 Device 4 | . 4 14 Storage 14 | . 14 14 Processor 8 | . 9 . Ballistic Gun 28 | . 28 28 Peak Build Rating 8 | 6 8 7 Average Rating 7 | 4 7 6 On Entrance 4 | . 6 7 Naked Turns . | . . . Heaviest Build 15 | 12 15 12 Greatest Support 40 | 40 40 40 Greatest Overweight (x) . | . . . Average Overweight (x) . | . . . Largest Inventory Capacity 8 | 8 8 8 Average Capacity 7 | 6 8 8 Most Carried 8 | 2 8 7 Average Carried 6 | . 6 6 Final Capacity 8 | 8 8 8 Final Carried 7 | 2 7 6 Class Distribution -------------------- 100% | Mutant Dominant Class ---------------- Mutant | -10/Materials Mutant | -10/Mines Resources | -11 -10 -10 ----------- Run | Yrd Mat Min Matter Collected 553 | 200 353 . Remotely . | . . . Salvage Created 477 | . 365 112 Parts 37 | . 30 7 Haulers Intercepted . | . . . Recyclers Shooed . | . . . Parts Field Recycled . | . . . Retrieved Matter . | . . . Parts Self-Destructed . | . . . Prevented . | . . . Kills | -11 -10 -10 ------- Run | Yrd Mat Min Combat Hostiles Destroyed 15 | . 12 3 Guns 15 | . 12 3 Classes Destroyed 4 | . 4 . Builder 1 | . 1 . Watcher 1 | . 1 . Swarmer 6 | . 6 . Grunt 9 | . 6 3 Best Kill Streak 3 | . 3 3 Combat Bots Only 3 | . 3 3 Max Kills in Single Turn 2 | . 2 1 Gunslinging . | . . . Exploded . | . . . Melee . | . . . Uniques/NPCs Destroyed . | . . . Combat | -11 -10 -10 -------- Run | Yrd Mat Min Hostile Shots Fired 97 | . 65 32 Missed 22 | . 18 4 Damage Taken 873 | . 475 398 Core 251 | . 105 146 Absorbed by Shields . | . . . Core Remaining (%) 100 | 100 . . Volleys Fired 71 | . 56 15 Largest 2 | . 2 2 Hottest 40 | . 40 40 Shots Fired 140 | . 112 28 Gun 140 | . 112 28 Cannon . | . . . Launcher . | . . . Special . | . . . Kinetic 140 | . 112 28 Thermal . | . . . Explosive . | . . . Electromagnetic . | . . . Robot Hit Streak 13 | . 11 13 Robot Miss Streak 5 | . 5 1 Penetration Max . | . . . Secondary Targets 3 | . 1 2 Max Gunslinging Chain 1 | . 1 1 Shots Hit Robots 95 | . 69 26 Core Hits 36 | . 24 12 Critical Kills 1 | . 1 . Critical Parts Destroyed 2 | . 2 . Critical Strikes 3 | . 3 . Destroy 3 | . 3 . Melee Attacks . | . . . Impact . | . . . Slashing . | . . . Piercing . | . . . Sneak Attacks . | . . . Combat Hostiles . | . . . Follow-up Attacks . | . . . Damage Inflicted 1072 | . 835 237 Guns 1072 | . 835 237 Cannons . | . . . Explosions . | . . . Melee . | . . . Ramming . | . . . Kinetic 1072 | . 835 237 Thermal . | . . . Explosive . | . . . Electromagnetic . | . . . Impact . | . . . Slashing . | . . . Piercing . | . . . Highest Corruption 1 | . 1 1 Average Corruption 1 | . 1 1 Corruption Purged . | . . . Corruption Blocked . | . . . Overload Shots . | . . . Overflow Damage . | . . . Projectiles . | . . . Explosions . | . . . Melee . | . . . Knockbacks . | . . . Impact . | . . . Kinetic . | . . . Secondary . | . . . Self-Inflicted Damage . | . . . Shots . | . . . Rammed . | . . . Targets Rammed . | . . . Kicked . | . . . Crushed . | . . . Highest Temperature 46 | . 12 46 Average Temperature 11 | . 3 17 Received Heat Transfer 477 | . 222 255 Siege Activations . | . . . Robots Corrupted . | . . . Combat Hostiles . | . . . Parts Fried . | . . . Impact Corruptions . | . . . Robots Melted . | . . . Combat Hostiles . | . . . Parts Melted . | . . . Heat Transferred . | . . . Parts Sabotaged . | . . . Parts Stolen . | . . . Parts Stripped . | . . . Power Chain Reactions . | . . . Alert | -11 -10 -10 ------- Run | Yrd Mat Min Peak Influence 181 | . 181 115 Initial 30 | . . 30 Average 52 | . 54 85 Maximum Alert Level . | . . . Low Security (%) 100 | 100 100 100 Level 1 . | . . . Level 2 . | . . . Level 3 . | . . . Level 4 . | . . . Level 5 . | . . . High Security . | . . . Max Security . | . . . Squads Dispatched 2 | . 2 . Investigation 1 | . 1 . Extermination . | . . . Reinforcement 1 | . 1 . Assault . | . . . Garrison . | . . . Intercept . | . . . Searches Triggered . | . . . Construction Impeded . | . . . Haulers Reinforced . | . . . Active Scanning Responses . | . . . Cargo Convoy Interrupts . | . . . Stealth | -11 -10 -10 --------- Run | Yrd Mat Min Distress Signals 1 | . 1 . Communications Jammed . | . . . Distress Signals . | . . . Times Spotted 20 | . 16 4 Peak Tracking Total 4 | . 4 3 Tactical Retreats 2 | . 2 . Traps | -11 -10 -10 ------- Run | Yrd Mat Min Traps Triggered . | . . . Indirectly . | . . . Trap Hack Attempts . | . . . Triggered . | . . . Disarmed . | . . . Reprogrammed . | . . . Reused . | . . . Traps Extracted . | . . . Installed . | . . . Triggered . | . . . Machines | -11 -10 -10 ---------- Run | Yrd Mat Min Machines Disabled . | . . . Max in Single Turn . | . . . Machines Repaired . | . . . Machines Dismantled . | . . . Machines Sabotaged . | . . . Overloaded Fab Kills . | . . . Hacking | -11 -10 -10 --------- Run | Yrd Mat Min Machines Accessed 7 | . 7 . Terminals 5 | . 5 . Fabricators . | . . . Repair Stations 1 | . 1 . Recycling Units 1 | . 1 . Scanalyzers . | . . . Garrison Access . | . . . Total Hacks 23 | . 23 . Successful 11 | . 11 . Failed 12 | . 12 . Catastrophic 2 | . 2 . Database Lockouts . | . . . Manual . | . . . Terminals 16 | . 16 . Fabricators . | . . . Repair Stations 3 | . 3 . Recycling Units 4 | . 4 . Scanalyzers . | . . . Garrison Access . | . . . Terminal Hacks 9 | . 9 . Prototype ID Bank 1 | . 1 . Branch Access Points 1 | . 1 . Emergency Access Points 1 | . 1 . Locate Traps 1 | . 1 . Dispatch Records 1 | . 1 . Hauler Manifests 1 | . 1 . Registered Components 1 | . 1 . Zone Layout 2 | . 2 . Fabricator Hacks . | . . . Repair Station Hacks 1 | . 1 . Scan Component 1 | . 1 . Recycling Unit Hacks 1 | . 1 . Report Inventory 1 | . 1 . Scanalyzer . | . . . Garrison Access Hacks . | . . . Unauthorized Hacks . | . . . Terminals . | . . . Fabricators . | . . . Repair Stations . | . . . Recycling Units . | . . . Scanalyzers . | . . . Garrison Access . | . . . Data Cores Recovered . | . . . Used . | . . . Hacking Detections 6 | . 6 . Full Trace Events 1 | . 1 . Feedback Events 1 | . 1 . Corruption 1 | . 1 . Feedback Blocked . | . . . Robot Schematics Acquired . | . . . Robots Built . | . . . Authchips . | . . . Time . | . . . Total Robot Build Rating . | . . . Part Schematics Acquired . | . . . Parts Built . | . . . Authchips . | . . . Time . | . . . Total Part Build Rating . | . . . Parts Repaired . | . . . Time . | . . . Parts Recycled . | . . . Recycled Matter . | . . . Retrieved Matter . | . . . Retrieved Components . | . . . Parts Scanalyzed . | . . . Part Schematics Acquired . | . . . Parts Damaged . | . . . Bothacking | -11 -10 -10 ------------ Run | Yrd Mat Min Used RIF Installer . | . . . Robots Hacked . | . . . Non-combat . | . . . Combat . | . . . Robot Hacks Applied . | . . . Relay Couplers Released . | . . . Fabnet Peak Effective % . | . . . Robots Rewired . | . . . Allies Hacked . | . . . Hacks Repelled . | . . . Allies | -11 -10 -10 -------- Run | Yrd Mat Min Total Allies . | . . . Largest Group . | . . . Highest-Rated Group . | . . . Highest-Rated Ally . | . . . Total Orders . | . . . Ally Attacks . | . . . Total Damage . | . . . Kills . | . . . Allies Corrupted . | . . . Allies Melted . | . . . Intel | -11 -10 -10 ------- Run | Yrd Mat Min Robot Analysis Total . | . . . Derelict Logs Recovered . | . . . Drone Launches . | . . . Drone Recoveries . | . . . Exploration | -11 -10 -10 ------------- Run | Yrd Mat Min Turns Passed 1101 | 72 982 47 Spaces Moved 509 | 40 466 3 Core 2 | 2 . . Treads 507 | 38 466 3 Legs . | . . . Wheels . | . . . Hover . | . . . Flight . | . . . Fastest Speed 50 | 50 160 160 Average Speed 159 | 154 160 160 Slowest Speed 160 | 160 160 160 Overloaded Moves . | . . . Propulsion Burnouts . | . . . Robots Hopped . | . . . Cave-ins Triggered . | . . . Exploration Rate (%) 25 | 3 69 5 Regions Visited 2 Branch Regions 1 Pre-discovered Areas . | . . . Known Exits Taken 1 | . 1 . Unknown Exits Taken 1 | 1 . . Scrap Searched . | . . . Spaces Dug . | . . . Terrain Destroyed . | . . . Melee . | . . . Projectile . | . . . AOE . | . . . Terrain Rammed . | . . . Walls Destroyed . | . . . Machines Disabled . | . . . Actions | -11 -10 -10 --------- Run | Yrd Mat Min Total 662 | 47 594 21 Wait 50 | . 48 2 Move 507 | 39 465 3 Hop . | . . . Pick Up 14 | 2 12 . Fast Attach 8 | 6 2 . Attach 3 | . 2 1 Detach . | . . . Swap 2 | . 2 . Drop 7 | . 7 . Fire 71 | . 56 15 Melee . | . . . Ram . | . . . Kick . | . . . Crush . | . . . Escape Stasis . | . . . Rewire . | . . . Trap . | . . . Miscellaneous . | . . . Route ------- -11/Scrapyard -10/Materials (discovered 2 exits: [*Mat] / *Min) -10/Mines History --------- Turn | Location | Event 15 | -11/Scrapyard | Discovered new exit (range 14) 73 | -11/Scrapyard | Entered Materials 308 | -10/Materials | Build established: Mutant 468 | -10/Materials | Identified exit to Mines 670 | -10/Materials | Discovered new exit (range 5) 1055 | -10/Materials | Entered Mines 1058 | -10/Mines | Core integrity fell below 50% 1095 | -10/Mines | Core integrity fell below 20% 1102 | -10/Mines | Destroyed by G-47 Trooper with Particle Gun Last Messages --------------- 01005_ G-34 Mercenary destroyed. 01012_ Acquired Ion Engine. 01013_ Acquired 42 matter. 01018_ Acquired 45 matter. 01025_ R-06 Scavenger collects Aluminum Leg. 01028_ R-06 Scavenger collects Sml. Laser. 01031_ R-06 Scavenger collects Aluminum Leg. 01037_ R-06 Scavenger collects Ion Engine. LOCATION=MINES GOAL=ESCAPE 01058_ G-34 Mercenary destroyed. 01072_ G-47 Trooper destroyed. 01072_ Switching to secondary target: G-34 Mercenary. 01074_ Critical hit (Burn: +37). 01085_ G-34 Mercenary destroyed. 01085_ Switching to secondary target: G-47 Trooper. 01090_ Lgt. Treads destroyed. 01092_ Assault Rifle destroyed. Map ----- +----------------------------------------------------+ | ????????????????????????????????????? | | ????????????????????????????????????? | | ????????????????????????????????????? | | ????????????????????????????????????? | | ????????????????????????????????????? | | ????????????????????????????????????? | | ????????????????????????????????????? | | ????????????????????????????????????? | | ????????????????????????????????????? | | ????????????????????????????????????? | | ????????????????????????????????????? | | ????????????????????????????????????? | | ????????????????????????????????????? | | ????????????????????????????????????? | | ????????????????????????????????#???? | | ?????????????????????????? ?????????? | | ????????????????????????????????????? | | ????????????????????????????????????? | | ????????????????????#???????????????? | | ?????????????????? ?????????????????? | | ????????????????????????????????????? | | ?????????????????????????#??????????? | | ????????????????????????#####???????? | | ????????????????? ??#???# #???????? | | ????????????????? ??????# #???????? | | ???????????????????????##@ ##?????#? | | ??????????????????????## * [ ###????? | | ????????????????# ##### %!%= #????? | | ???????????# =%! = #??? | | ????????? g #?? | | ????????? ####### #? | | ?????????? ?????????### #? | | ????????????????????????##### ##? | | ???????????????##????????????# #?? | | ??????????????????????????????# ##?? | | ???????????????????????????????###??? | | ?????????????????#??????????????????? | | ???????????????????#????????????????? | | ????????????????????????????????????? | | | | | | | | | | | | | | | | | | | | | | | +----------------------------------------------------+ Best States ------------- Heat Dissipation 25 Energy Generation 10 Energy Capacity 250 Matter Stores 240 Matter Capacity 300 Sight Range 18 Terrain Scan Range 14 Terrain Scan Density 10 Evasion (%) 40 Recoil Reduction 2 Item Schematics ----------------- None Robot Schematics ------------------ None Fabricated ------------ Nothing Alien Tech Used ----------------- None Achievements -------------- None Challenges ------------ None Game ------ Seed ScrapoidGyrokineticCore Manual? 0 Play Time 00:10:24 Cumulative 33.0 hours Start 2024.08.12 @ 03:00:52 End 2024.08.12 @ 03:11:49 Sessions 3 Manual Loads 0 Difficulty Rogue Special Mode None Game No. 133 Rogue 133 Adventurer 0 Explorer 0 Win Type - Total 0 Types 0/0/0/0/0/0/0/0/0 Lore% 15 Gallery% 26 Achievement% 26 Wizard Run 0 Options --------- Layout 0 ASCII 0 Keyboard 0 Movement Mouse Keybinds 0 Fullscreen 0 Font 16/Tamsyn Map View 50x50 Zoom Use 0% Tactical HUD 1 Map Filters NONE Filters NONE Steam 1 RUN: c0248a84-254a-45ca-94d3-cd34e5635374